SAN JOSE vs NEW YORK I

Created - Monday, February 19, 2018 at 19:24

Goals
1 2 3 T
SAN JOSE 0 0 0 0
NEW YORK I 0 4 1 5
Shots
1 2 3 T
SAN JOSE 3 9 1 13
NEW YORK I 10 17 15 42

1st period

No Goal

Penalties :
Cody Franson (SJ ) for Tripping (Minor) at 1:50, Alexei Emelin (SJ ) for Hooking (Minor) at 6:02, Cody Ceci (SJ ) for Hooking (Minor) at 12:56, David Savard (SJ ) for Hooking (Minor) at 17:50, Keith Yandle (SJ ) for Hooking (Minor) at 18:49

2nd period

1. NEW YORK I , Patrick Eaves 20 (Esa Lindell 16, Dan Hamhuis 17) at 2:05
2. NEW YORK I , Logan Couture 29 (Brandon Saad 34) at 12:06
3. NEW YORK I , Ryan Callahan 6 (Patrick Maroon 18, Sam Bennett 7) at 15:07
4. NEW YORK I , Brandon Saad 24 (Patrick Maroon 19, Ryan Strome 17) at 18:41 (PP)

Penalties :
Ryan Strome (NYI) for Slashing (Minor) at 3:25, Chris Kreider (SJ ) for Roughing (Minor) at 7:43, Kyle Quincey (SJ ) for Hooking (Minor) at 17:51

3rd period

5. NEW YORK I , Esa Lindell 7 (Dan Hamhuis 18, Sam Bennett 8) at 12:46

Penalties :
Alexei Emelin (SJ ) for Slashing (Minor) at 8:30, Patrick Maroon (NYI) for Fighting (Major) at 15:25, Martin Hanzal (SJ ) for Fighting (Major) at 15:25, David Savard (SJ ) for Hooking (Minor) at 17:23

Goalie Stats

Jake Allen (SJ ), 37 saves from 42 shots - (0.881), L, 25-18-7, 60:00 minutes
Scott Darling (NYI), 13 saves from 13 shots - (1.000), W, 10-5-1, 60:00 minutes

Players Stats for SAN JOSE

Player Name              G  A  P  +/- PIM S  H  SB GA TA FO     MP     PP MP  PK MP  
------------------------------------------------------------------------------------
Alexei Emelin            0  0  0  -2  4   0  5  1  0  0  0/0    20:16   1:24   4:47 
Brandon Dubinsky         0  0  0   0  0   0  0  1  0  0  6/7     6:32   0:00   0:00 
Chris Kreider            0  0  0  -1  2   1  1  0  0  0  0/0    14:56   1:24   0:00 
Cody Ceci                0  0  0  -2  2   0  1  5  0  0  0/0    22:56   1:24   7:26 
Cody Franson             0  0  0  -2  2   0  1  1  0  0  0/0    12:14   0:00   0:00 
Corey Perry              0  0  0  -1  0   1  0  0  0  0  2/5    24:26   1:24   9:29 
Darren Helm              0  0  0  -1  0   1  1  0  0  0  2/3    13:56   0:35   0:00 
David Savard             0  0  0   0  4   0  3  2  0  0  0/0    23:01   0:35   6:31 
Devante Smith-Pelly      0  0  0   0  0   0  0  0  0  0  0/1     5:19   0:00   0:00 
Jesper Fast              0  0  0  -2  0   0  1  0  0  0  2/2    11:43   0:00   1:37 
Jordan Staal             0  0  0  -2  0   1  3  0  0  0  11/14  15:19   0:00   5:13 
Jussi Jokinen            0  0  0  -2  0   0  0  0  0  0  0/0    10:06   0:00   0:00 
Keith Yandle             0  0  0   0  2   0  0  2  0  0  0/0    24:18   0:35   7:46 
Kevin Hayes              0  0  0  -1  0   4  1  0  0  0  0/0    13:56   0:35   0:00 
Kyle Quincey             0  0  0  -2  2   0  1  1  0  0  0/0    17:07   0:00   4:53 
Lauri Korpikoski         0  0  0   0  0   1  0  0  0  0  0/1     5:19   0:00   0:00 
Martin Hanzal            0  0  0  -1  5   1  3  1  0  0  8/13   16:30   0:35   3:48 
Mike Fisher              0  0  0  -1  0   3  2  0  0  0  24/44  25:14   1:24  10:17 

Players Stats for NEW YORK I

Player Name              G  A  P  +/- PIM S  H  SB GA TA FO     MP     PP MP  PK MP  
------------------------------------------------------------------------------------
Austin Watson            0  0  0   0  0   0  0  0  0  0  0/1     4:07   1:39   1:28 
Brandon Saad             1  1  2   2  0   3  0  0  0  0  0/1    21:00   6:34   0:00 
Chris VandeVelde         0  0  0   0  0   0  0  0  0  0  0/0     7:15   1:24   0:00 
Dan Hamhuis              0  2  2   2  0   1  1  1  0  0  0/0    23:05   7:57   0:59 
Esa Lindell              1  1  2   2  0   8  1  0  0  0  0/0    23:05   7:57   0:59 
Jason Garrison           0  0  0   1  0   0  0  2  0  0  0/0    13:27   0:47   0:00 
Johnny Boychuk           0  0  0   1  0   2  3  1  0  0  0/0    23:28   6:58   1:00 
Josh Bailey              0  0  0   0  0   1  0  0  0  0  0/0    11:27   0:00   0:00 
Kyle Clifford            0  0  0   0  0   0  0  0  0  0  0/0     0:14   0:00   0:14 
Logan Couture            1  0  1   2  0   7  2  0  0  0  10/19  22:02   7:36   0:00 
Marcus Foligno           0  0  0   0  0   0  0  0  0  0  0/0     6:09   0:00   0:31 
Nicklas Grossmann        0  0  0   1  0   0  1  1  0  0  0/0    13:27   0:47   0:00 
Patrick Eaves            1  0  1   2  0   6  3  0  0  0  0/3    22:10   7:13   0:31 
Patrick Maroon           0  2  2   2  5   2  5  0  0  0  1/1    16:08   6:34   0:00 
Radko Gudas              0  0  0   1  0   1  1  1  0  0  0/0    23:28   6:58   1:00 
Ryan Callahan            1  0  1   2  0   1  1  0  0  0  0/0    11:12   0:24   0:00 
Ryan Strome              0  1  1   0  2   2  2  0  0  0  5/14   19:08   7:42   0:00 
Sam Bennett              0  2  2   2  0   3  0  0  0  0  6/17   10:48   0:00   0:00 
Sean Monahan             0  0  0   0  0   5  0  0  0  0  13/34  26:19   8:00   1:14 

3 Stars

1 - Esa Lindell (NYI)
2 - Brandon Saad (NYI)
3 - Patrick Eaves (NYI)

Power Play

SAN JOSE - 0 on 1 Attempt(s) - 0.00%
NEW YORK I - 1 on 9 Attempt(s) - 11.11%

Penalty Kill

SAN JOSE - 8 on 9 Attempt(s) - 88.89% - Score 0 goal in Penalty Kill
NEW YORK I - 1 on 1 Attempt(s) - 100.00% - Score 0 goal in Penalty Kill

Team Stat

SAN JOSE - Hits : 23 - Faceoff Wins : 55 - Blocked Shots : 14 - Penalty Minutes : 23
NEW YORK I - Hits : 20 - Faceoff Wins : 35 - Blocked Shots : 6 - Penalty Minutes : 7

Official

Referees : Unknown
Linesman : Unknown

Game Notes

Patrick Maroon beats up Martin Hanzal at 15:25 of 3rd period

Finance

Level 1 -- Attendance: 4690 (78.17%) -- Ticket Income $469,000
Level 2 -- Attendance: 3468 (69.36%) -- Ticket Income $208,080
Level 3 -- Attendance: 1958 (97.90%) -- Ticket Income $68,530
Level 4 -- Attendance: 3726 (93.15%) -- Ticket Income $74,520
Luxury Box -- Attendance: 755 (75.50%) -- Ticket Income $151,000
Game was played at the Nassau Coliseum.
Total Attendance: 14597 (81.09%)
Total Ticket Income: $971,130
Total Income: $971,130

SAN JOSE

5 vs 5 Forward 
   Center                   Left Wing                Right Wing               Time % Phy DF OF 
 1 Mike Fisher              Chris Kreider            Corey Perry              35     1   2  2  
 2 Martin Hanzal            Kevin Hayes              Darren Helm              30     1   2  2  
 3 Jordan Staal             Jussi Jokinen            Jesper Fast              25     1   2  2  
 4 Brandon Dubinsky         Lauri Korpikoski         Devante Smith-Pelly      10     1   2  2  

5 vs 5 Defense 
   Defense                  Defense                                           Time % Phy DF OF 
 1 David Savard             Keith Yandle                                      35     1   2  2  
 2 Cody Ceci                Alexei Emelin                                     30     1   2  2  
 3 Cody Franson             Kyle Quincey                                      25     1   2  2  
 4 David Savard             Keith Yandle                                      10     1   2  2  

PowerPlay Forward 
   Center                   Left Wing                Right Wing               Time % Phy DF OF 
 1 Mike Fisher              Chris Kreider            Corey Perry              60     1   2  2  
 2 Martin Hanzal            Kevin Hayes              Darren Helm              40     1   2  2  

PowerPlay Defense
   Defense                  Defense                                           Time % Phy DF OF 
 1 David Savard             Keith Yandle                                      60     1   2  2  
 2 Cody Ceci                Alexei Emelin                                     40     1   2  2  

Penalty Kill 4 Players Forward 
   Center                   Wing                     Time % Phy DF OF 
 1 Mike Fisher              Corey Perry              60     1   2  2  
 2 Martin Hanzal            Jordan Staal             40     1   2  2  

Penalty Kill 4 Players Defense
   Defense                  Defense                  Time % Phy DF OF 
 1 David Savard             Keith Yandle             60     1   2  2  
 2 Cody Ceci                Alexei Emelin            40     1   2  2  

Penalty Kill - 3 Players Forward 
   Forward                                           Time % Phy DF OF 
 1 Mike Fisher                                       60     1   2  2  
 2 Corey Perry                                       40     1   2  2  

Penalty Kill - 3 Players Defense
   Defense                  Defense                  Time % Phy DF OF 
 1 David Savard             Keith Yandle             60     1   2  2  
 2 Cody Ceci                Alexei Emelin            40     1   2  2  

4 vs 4 Forward 
   Center                   Wing                     Time % Phy DF OF 
 1 Mike Fisher              Corey Perry              60     1   2  2  
 2 Martin Hanzal            Jordan Staal             40     1   2  2  

4 vs 4 Defense
   Defense                  Defense                  Time % Phy DF OF 
 1 David Savard             Keith Yandle             60     1   2  2  
 2 Cody Ceci                Alexei Emelin            40     1   2  2  

Last Minutes Offensive
   Center                   Left Wing                Right Wing               Defense                  Defense                  
   Mike Fisher              Chris Kreider            Corey Perry              David Savard             Keith Yandle             

Last Minutes Defensive
   Center                   Left Wing                Right Wing               Defense                  Defense                  
   Mike Fisher              Chris Kreider            Corey Perry              David Savard             Keith Yandle             

Goaltenders
Starting : Jake Allen               
Backup : Jeff Zatkoff             

Extra Forwards
Normal : Brandon Dubinsky, Jussi Jokinen, Jesper Fast - PP : Brandon Dubinsky, Jussi Jokinen - PK : Jesper Fast
Extra Defensemen
Normal : Cody Franson, Kyle Quincey, Cody Ceci - PP : Cody Franson - PK : Kyle Quincey, Cody Ceci
Penalty Shots
Mike Fisher, Corey Perry, Martin Hanzal, Jordan Staal, Brandon Dubinsky

Scratches
SJ CAP HIT (Suspend), Ryan Button (Healthy)

NEW YORK I

5 vs 5 Forward 
   Center                   Left Wing                Right Wing               Time % Phy DF OF 
 1 Logan Couture            Brandon Saad             Patrick Eaves            35     1   2  2  
 2 Sean Monahan             Josh Bailey              Ryan Strome              30     1   2  2  
 3 Sam Bennett              Patrick Maroon           Ryan Callahan            25     1   2  2  
 4 Sean Monahan             Marcus Foligno           Chris VandeVelde         10     1   2  2  

5 vs 5 Defense 
   Defense                  Defense                                           Time % Phy DF OF 
 1 Radko Gudas              Johnny Boychuk                                    35     1   2  2  
 2 Esa Lindell              Dan Hamhuis                                       30     1   2  2  
 3 Nicklas Grossmann        Jason Garrison                                    25     1   2  2  
 4 Radko Gudas              Johnny Boychuk                                    10     1   2  2  

PowerPlay Forward 
   Center                   Left Wing                Right Wing               Time % Phy DF OF 
 1 Sean Monahan             Logan Couture            Patrick Eaves            60     1   2  2  
 2 Ryan Strome              Brandon Saad             Patrick Maroon           40     1   2  2  

PowerPlay Defense
   Defense                  Defense                                           Time % Phy DF OF 
 1 Radko Gudas              Johnny Boychuk                                    60     1   2  2  
 2 Esa Lindell              Dan Hamhuis                                       40     1   2  2  

Penalty Kill 4 Players Forward 
   Center                   Wing                     Time % Phy DF OF 
 1 Sean Monahan             Austin Watson            60     1   2  2  
 2 Patrick Eaves            Marcus Foligno           40     1   2  2  

Penalty Kill 4 Players Defense
   Defense                  Defense                  Time % Phy DF OF 
 1 Radko Gudas              Johnny Boychuk           60     1   2  2  
 2 Esa Lindell              Dan Hamhuis              40     1   2  2  

Penalty Kill - 3 Players Forward 
   Forward                                           Time % Phy DF OF 
 1 Sean Monahan                                      60     1   2  2  
 2 Logan Couture                                     40     1   2  2  

Penalty Kill - 3 Players Defense
   Defense                  Defense                  Time % Phy DF OF 
 1 Radko Gudas              Johnny Boychuk           60     1   2  2  
 2 Esa Lindell              Dan Hamhuis              40     1   2  2  

4 vs 4 Forward 
   Center                   Wing                     Time % Phy DF OF 
 1 Sean Monahan             Logan Couture            60     1   2  2  
 2 Ryan Strome              Brandon Saad             40     1   2  2  

4 vs 4 Defense
   Defense                  Defense                  Time % Phy DF OF 
 1 Radko Gudas              Johnny Boychuk           60     1   2  2  
 2 Esa Lindell              Dan Hamhuis              40     1   2  2  

Last Minutes Offensive
   Center                   Left Wing                Right Wing               Defense                  Defense                  
   Sean Monahan             Logan Couture            Patrick Eaves            Radko Gudas              Johnny Boychuk           

Last Minutes Defensive
   Center                   Left Wing                Right Wing               Defense                  Defense                  
   Sean Monahan             Logan Couture            Patrick Eaves            Radko Gudas              Johnny Boychuk           

Goaltenders
Starting : Scott Darling            
Backup : Jacob Markstrom          

Extra Forwards
Normal : Austin Watson, Chris VandeVelde, Kyle Clifford - PP : Austin Watson, Chris VandeVelde - PK : Kyle Clifford
Extra Defensemen
Normal : Nicklas Grossmann, Jason Garrison, Esa Lindell - PP : Nicklas Grossmann - PK : Jason Garrison, Esa Lindell
Penalty Shots
Sean Monahan, Logan Couture, Patrick Eaves, Brandon Saad, Josh Bailey

Scratches
NYI CAP HIT (Suspend), Brad Hunt (Healthy), Adam Clendening (Healthy)

% Time on Ice - SAN JOSE

Lines # - Real PCT - Wanted PCT - Time Play
Normal Forward
1 - 32% - 35% - 13:33
2 - 32% - 30% - 13:21
3 - 24% - 25% - 10:06
4 - 13% - 10% - 5:19
Normal Defense
1 - 36% - 35% - 15:06
2 - 33% - 30% - 14:07
3 - 29% - 25% - 12:15
4 - 2% - 10% - 0:51
PP Forward
1 - 71% - 60% - 1:24
2 - 29% - 40% - 0:35
PP Defense
1 - 29% - 60% - 0:35
2 - 71% - 40% - 1:24
PK Forward
1 - 65% - 60% - 9:29
2 - 35% - 40% - 5:13
PK Defense
1 - 56% - 60% - 8:13
2 - 44% - 40% - 6:29
PK3 Forward
1 - 100% - 60% - 1:00
2 - 0% - 40% - 0:00
PK3 Defense
1 - 77% - 60% - 0:46
2 - 23% - 40% - 0:14
44 Forward
1 - 0% - 60%
2 - 0% - 40%
44 Defense
1 - 0% - 60%
2 - 0% - 40%
Last Minute Offensive  - 0:00
Last Minute Defensive  - 0:00
Total
Forward - 60:00
Defense - 60:00

% Time on Ice - NEW YORK I

Lines # - Real PCT - Wanted PCT - Time Play
Normal Forward
1 - 34% - 35% - 14:26
2 - 27% - 30% - 11:27
3 - 26% - 25% - 10:48
4 - 13% - 10% - 5:38
Normal Defense
1 - 35% - 35% - 14:40
2 - 33% - 30% - 14:09
3 - 30% - 25% - 12:40
4 - 2% - 10% - 0:50
PP Forward
1 - 51% - 60% - 8:00
2 - 49% - 40% - 7:42
PP Defense
1 - 49% - 60% - 7:45
2 - 51% - 40% - 7:57
PK Forward
1 - 74% - 60% - 1:28
2 - 26% - 40% - 0:31
PK Defense
1 - 50% - 60% - 1:00
2 - 50% - 40% - 0:59
PK3 Forward
1 - 0% - 60%
2 - 0% - 40%
PK3 Defense
1 - 0% - 60%
2 - 0% - 40%
44 Forward
1 - 0% - 60%
2 - 0% - 40%
44 Defense
1 - 0% - 60%
2 - 0% - 40%
Last Minute Offensive  - 0:00
Last Minute Defensive  - 0:00
Total
Forward - 60:00
Defense - 60:00

Play by Play

1st period


0:01 of 1st period - Mike Fisher wins face-off versus Logan Couture in neutral zone.
1:29 of 1st period - Shot by Martin Hanzal.
1:29 of 1st period - Shot Misses the Net.
1:50 of 1st period - Minor Penalty to Cody Franson for Tripping.
1:51 of 1st period - Mike Fisher wins face-off versus Austin Watson in SAN JOSE zone.
2:08 of 1st period - Keith Yandle is hit by Patrick Maroon and loses puck.
2:19 of 1st period - Shot by Esa Lindell.
2:19 of 1st period - Stopped by Jake Allen with a rebound.
3:22 of 1st period - Shot by Sean Monahan.
3:22 of 1st period - Stopped by Jake Allen without a rebound.
3:23 of 1st period - Logan Couture wins face-off versus Mike Fisher in SAN JOSE zone.
3:43 of 1st period - Shot by Logan Couture.
3:43 of 1st period - Shot Misses the Net.
3:45 of 1st period - Shot by Logan Couture.
3:45 of 1st period - Stopped by Jake Allen without a rebound.
3:46 of 1st period - Ryan Strome wins face-off versus Martin Hanzal in SAN JOSE zone.
3:51 of 1st period - Shot by Sam Bennett.
3:51 of 1st period - Stopped by Jake Allen without a rebound.
3:52 of 1st period - Jordan Staal wins face-off versus Sam Bennett in SAN JOSE zone.
3:54 of 1st period - Jussi Jokinen is hit by Patrick Maroon and loses puck.
4:46 of 1st period - Kevin Hayes is hit by Patrick Maroon and loses puck.
4:56 of 1st period - Martin Hanzal is hit by Ryan Strome and loses puck.
5:29 of 1st period - Shot by Sean Monahan.
5:29 of 1st period - Shot Blocked by Cody Ceci.
5:31 of 1st period - Shot by Josh Bailey.
5:31 of 1st period - Shot Misses the Net.
5:35 of 1st period - Shot by Ryan Strome.
5:35 of 1st period - Shot Misses the Net.
6:02 of 1st period - Minor Penalty to Alexei Emelin for Hooking.
6:03 of 1st period - Sean Monahan wins face-off versus Mike Fisher in SAN JOSE zone.
7:50 of 1st period - Shot by Brandon Saad.
7:50 of 1st period - Shot Hit the Post.
8:01 of 1st period - Shot by Esa Lindell.
8:01 of 1st period - Stopped by Jake Allen without a rebound.
8:02 of 1st period - Brandon Dubinsky wins face-off versus Sam Bennett in SAN JOSE zone.
8:06 of 1st period - Icing by Cody Franson.
8:07 of 1st period - Brandon Dubinsky wins face-off versus Sam Bennett in SAN JOSE zone.
8:36 of 1st period - Icing by Kyle Quincey.
8:37 of 1st period - Sean Monahan wins face-off versus Lauri Korpikoski in SAN JOSE zone.
8:42 of 1st period - Shot by Sean Monahan.
8:42 of 1st period - Stopped by Jake Allen without a rebound.
8:43 of 1st period - Jordan Staal wins face-off versus Logan Couture in SAN JOSE zone.
8:43 of 1st period - Jordan Staal is hit by Patrick Eaves.
9:07 of 1st period - Icing by Radko Gudas.
9:08 of 1st period - Mike Fisher wins face-off versus Logan Couture in NEW YORK I zone.
9:08 of 1st period - Mike Fisher is hit by Radko Gudas.
9:39 of 1st period - Icing by Cody Ceci.
9:40 of 1st period - Sean Monahan wins face-off versus Mike Fisher in SAN JOSE zone.
10:04 of 1st period - Shot by Ryan Strome.
10:04 of 1st period - Shot Misses the Net.
10:36 of 1st period - Icing by Josh Bailey.
10:37 of 1st period - Jordan Staal wins face-off versus Sean Monahan in NEW YORK I zone.
10:37 of 1st period - Keith Yandle is hit by Dan Hamhuis and loses puck.
11:41 of 1st period - Shot by Darren Helm.
11:41 of 1st period - Shot Blocked by Jason Garrison.
12:01 of 1st period - Shot by Martin Hanzal.
12:01 of 1st period - Deflect By Kevin Hayes.
12:01 of 1st period - Shot Blocked by Radko Gudas.
12:56 of 1st period - Minor Penalty to Cody Ceci for Hooking.
12:57 of 1st period - Mike Fisher wins face-off versus Ryan Strome in SAN JOSE zone.
13:06 of 1st period - Shot by Corey Perry.
13:06 of 1st period - Stopped by Scott Darling without a rebound.
13:07 of 1st period - Sean Monahan wins face-off versus Mike Fisher in NEW YORK I zone.
14:08 of 1st period - Shot by Brandon Saad.
14:08 of 1st period - Shot Misses the Net.
14:10 of 1st period - Shot by Dan Hamhuis.
14:10 of 1st period - Shot Misses the Net.
14:19 of 1st period - Icing by Brandon Saad.
14:20 of 1st period - Martin Hanzal wins face-off versus Ryan Strome in NEW YORK I zone.
14:53 of 1st period - Shot by Logan Couture.
14:53 of 1st period - Stopped by Jake Allen with a rebound.
14:55 of 1st period - Shot by Johnny Boychuk.
14:55 of 1st period - Shot Blocked by Keith Yandle.
15:08 of 1st period - Icing by Jason Garrison.
15:09 of 1st period - Sean Monahan wins face-off versus Jordan Staal in NEW YORK I zone.
15:09 of 1st period - Marcus Foligno is hit by Jordan Staal and loses puck.
16:23 of 1st period - Shot by Kevin Hayes.
16:23 of 1st period - Stopped by Scott Darling without a rebound.
16:24 of 1st period - Logan Couture wins face-off versus Mike Fisher in NEW YORK I zone.
16:24 of 1st period - Logan Couture is hit by Mike Fisher.
16:33 of 1st period - Shot by Mike Fisher.
16:33 of 1st period - Shot Misses the Net.
16:43 of 1st period - Shot by Mike Fisher.
16:43 of 1st period - Stopped by Scott Darling without a rebound.
16:44 of 1st period - Brandon Dubinsky wins face-off versus Sam Bennett in NEW YORK I zone.
16:44 of 1st period - Keith Yandle is hit by Johnny Boychuk and loses puck.
17:33 of 1st period - Icing by Brandon Dubinsky.
17:34 of 1st period - Brandon Dubinsky wins face-off versus Logan Couture in SAN JOSE zone.
17:34 of 1st period - Brandon Dubinsky is hit by Patrick Eaves.
17:50 of 1st period - Minor Penalty to David Savard for Hooking.
17:51 of 1st period - Sean Monahan wins face-off versus Corey Perry in SAN JOSE zone.
17:51 of 1st period - Esa Lindell is hit by Alexei Emelin and loses puck.
18:20 of 1st period - Icing by Esa Lindell.
18:21 of 1st period - Martin Hanzal wins face-off versus Sean Monahan in NEW YORK I zone.
18:36 of 1st period - Off-side.
18:37 of 1st period - Ryan Strome wins face-off versus Mike Fisher in neutral zone.
18:46 of 1st period - Shot by Patrick Maroon.
18:46 of 1st period - Shot Misses the Net.
18:49 of 1st period - Minor Penalty to Keith Yandle for Hooking.
18:50 of 1st period - Patrick Maroon wins face-off versus Mike Fisher in SAN JOSE zone.
19:01 of 1st period - Shot by Johnny Boychuk.
19:01 of 1st period - Shot Misses the Net.
19:03 of 1st period - Shot by Johnny Boychuk.
19:03 of 1st period - Stopped by Jake Allen without a rebound.
19:04 of 1st period - Mike Fisher wins face-off versus Sean Monahan in SAN JOSE zone.
19:21 of 1st period - Shot by Sean Monahan.
19:21 of 1st period - Stopped by Jake Allen without a rebound.
19:22 of 1st period - Ryan Strome wins face-off versus Mike Fisher in SAN JOSE zone.
19:35 of 1st period - Shot by Patrick Maroon.
19:35 of 1st period - Stopped by Jake Allen without a rebound.
19:36 of 1st period - Mike Fisher wins face-off versus Sean Monahan in SAN JOSE zone.
19:59 of 1st period - Shot by Sean Monahan.
19:59 of 1st period - Shot Blocked by Kyle Quincey.
Goals for this period are 0 for SAN JOSE vs 0 for NEW YORK I.
Shots for this period are 3 for SAN JOSE vs 10 for NEW YORK I.

2nd period


0:01 of 2nd period - Mike Fisher wins face-off versus Patrick Eaves in neutral zone.
0:09 of 2nd period - Sean Monahan is hit by David Savard and loses puck.
0:20 of 2nd period - Shot by Logan Couture.
0:20 of 2nd period - Shot Misses the Net.
0:22 of 2nd period - Shot by Logan Couture.
0:22 of 2nd period - Stopped by Jake Allen without a rebound.
0:23 of 2nd period - Ryan Strome wins face-off versus Corey Perry in SAN JOSE zone.
1:01 of 2nd period - Marcus Foligno is hit by Martin Hanzal and loses puck.
1:12 of 2nd period - Radko Gudas is hit by Darren Helm and loses puck.
1:27 of 2nd period - Sean Monahan is hit by Martin Hanzal.
2:03 of 2nd period - Shot by Esa Lindell.
2:03 of 2nd period - Shot Misses the Net.
2:05 of 2nd period - Shot by Esa Lindell.
2:05 of 2nd period - Deflect By Patrick Eaves.
2:05 of 2nd period - Goal by Patrick Eaves - SAN JOSE : 0 - NEW YORK I : 1.
2:06 of 2nd period - Mike Fisher wins face-off versus Sam Bennett in neutral zone.
2:30 of 2nd period - Shot by Corey Perry.
2:30 of 2nd period - Shot Blocked by Jason Garrison.
2:32 of 2nd period - Shot by Mike Fisher.
2:32 of 2nd period - Stopped by Scott Darling without a rebound.
2:33 of 2nd period - Logan Couture wins face-off versus Jordan Staal in NEW YORK I zone.
2:40 of 2nd period - Shot by Patrick Eaves.
2:40 of 2nd period - Stopped by Jake Allen without a rebound.
2:41 of 2nd period - Martin Hanzal wins face-off versus Sean Monahan in SAN JOSE zone.
2:58 of 2nd period - Shot by Ryan Strome.
2:58 of 2nd period - Shot Blocked by Keith Yandle.
3:25 of 2nd period - Minor Penalty to Ryan Strome for Slashing.
3:26 of 2nd period - Corey Perry wins face-off versus Sean Monahan in NEW YORK I zone.
4:33 of 2nd period - Shot by Kevin Hayes.
4:33 of 2nd period - Stopped by Scott Darling without a rebound.
4:34 of 2nd period - Martin Hanzal wins face-off versus Patrick Eaves in NEW YORK I zone.
4:50 of 2nd period - Shot by Darren Helm.
4:50 of 2nd period - Stopped by Scott Darling without a rebound.
4:51 of 2nd period - Sean Monahan wins face-off versus Mike Fisher in NEW YORK I zone.
5:29 of 2nd period - Icing by Jason Garrison.
5:30 of 2nd period - Jordan Staal wins face-off versus Logan Couture in NEW YORK I zone.
5:30 of 2nd period - Jordan Staal is hit by Nicklas Grossmann.
5:47 of 2nd period - Icing by Logan Couture.
5:48 of 2nd period - Darren Helm wins face-off versus Logan Couture in NEW YORK I zone.
5:49 of 2nd period - Shot by Kevin Hayes.
5:49 of 2nd period - Stopped by Scott Darling without a rebound.
5:50 of 2nd period - Jordan Staal wins face-off versus Logan Couture in NEW YORK I zone.
6:00 of 2nd period - Jussi Jokinen is hit by Johnny Boychuk and loses puck.
6:19 of 2nd period - Shot by David Savard.
6:19 of 2nd period - Shot Misses the Net.
6:34 of 2nd period - Off-side.
6:35 of 2nd period - Mike Fisher wins face-off versus Sean Monahan in neutral zone.
6:43 of 2nd period - Icing by Esa Lindell.
6:44 of 2nd period - Mike Fisher wins face-off versus Sean Monahan in NEW YORK I zone.
7:14 of 2nd period - Icing by Cody Ceci.
7:15 of 2nd period - Logan Couture wins face-off versus Mike Fisher in SAN JOSE zone.
7:15 of 2nd period - Patrick Eaves is hit by Alexei Emelin and loses puck.
7:19 of 2nd period - Icing by Mike Fisher.
7:20 of 2nd period - Logan Couture wins face-off versus Mike Fisher in SAN JOSE zone.
7:36 of 2nd period - Shot by Mike Fisher.
7:36 of 2nd period - Shot Misses the Net.
7:43 of 2nd period - Minor Penalty to Chris Kreider for Roughing.
7:44 of 2nd period - Jordan Staal wins face-off versus Ryan Strome in SAN JOSE zone.
8:05 of 2nd period - Shot by Esa Lindell.
8:05 of 2nd period - Stopped by Jake Allen with a rebound.
8:07 of 2nd period - Shot by Esa Lindell.
8:07 of 2nd period - Stopped by Jake Allen without a rebound.
8:08 of 2nd period - Sean Monahan wins face-off versus Mike Fisher in SAN JOSE zone.
8:21 of 2nd period - Shot by Sean Monahan.
8:21 of 2nd period - Stopped by Jake Allen without a rebound.
8:22 of 2nd period - Logan Couture wins face-off versus Mike Fisher in SAN JOSE zone.
8:27 of 2nd period - Shot by Patrick Eaves.
8:27 of 2nd period - Shot Misses the Net.
8:29 of 2nd period - Shot by Logan Couture.
8:29 of 2nd period - Stopped by Jake Allen with a rebound.
8:58 of 2nd period - Patrick Eaves is hit by Alexei Emelin and loses puck.
9:21 of 2nd period - Shot by Patrick Maroon.
9:21 of 2nd period - Stopped by Jake Allen without a rebound.
9:22 of 2nd period - Mike Fisher wins face-off versus Ryan Strome in SAN JOSE zone.
9:33 of 2nd period - Shot by Patrick Maroon.
9:33 of 2nd period - Deflect By Brandon Saad.
9:33 of 2nd period - Shot Misses the Net.
9:35 of 2nd period - Shot by Ryan Strome.
9:35 of 2nd period - Stopped by Jake Allen without a rebound.
9:36 of 2nd period - Martin Hanzal wins face-off versus Ryan Strome in SAN JOSE zone.
10:08 of 2nd period - Off-side.
10:09 of 2nd period - Logan Couture wins face-off versus Mike Fisher in neutral zone.
10:13 of 2nd period - Brandon Saad is hit by David Savard and loses puck.
10:28 of 2nd period - Shot by Logan Couture.
10:28 of 2nd period - Shot Misses the Net.
10:30 of 2nd period - Shot by Dan Hamhuis.
10:30 of 2nd period - Stopped by Jake Allen without a rebound.
10:31 of 2nd period - Sam Bennett wins face-off versus Jordan Staal in SAN JOSE zone.
10:41 of 2nd period - Icing by Kyle Quincey.
10:42 of 2nd period - Jordan Staal wins face-off versus Sean Monahan in SAN JOSE zone.
10:42 of 2nd period - Jordan Staal is hit by Ryan Strome.
11:24 of 2nd period - Ryan Strome is hit by Jordan Staal and loses puck.
11:53 of 2nd period - Johnny Boychuk is hit by Jesper Fast and loses puck.
12:06 of 2nd period - Shot by Logan Couture.
12:06 of 2nd period - Goal by Logan Couture - SAN JOSE : 0 - NEW YORK I : 2.
12:07 of 2nd period - Sam Bennett wins face-off versus Mike Fisher in neutral zone.
12:10 of 2nd period - Mike Fisher is hit by Patrick Maroon and loses puck.
12:30 of 2nd period - Ryan Callahan is hit by David Savard and loses puck.
12:38 of 2nd period - Icing by Keith Yandle.
12:39 of 2nd period - Mike Fisher wins face-off versus Sean Monahan in SAN JOSE zone.
12:57 of 2nd period - Shot by Ryan Strome.
12:57 of 2nd period - Shot Blocked by David Savard.
14:26 of 2nd period - Icing by Alexei Emelin.
14:27 of 2nd period - Martin Hanzal wins face-off versus Sam Bennett in SAN JOSE zone.
14:36 of 2nd period - Ryan Callahan is hit by Martin Hanzal.
14:40 of 2nd period - Kevin Hayes is hit by Ryan Callahan and loses puck.
15:05 of 2nd period - Shot by Patrick Maroon.
15:05 of 2nd period - Shot Misses the Net.
15:07 of 2nd period - Shot by Ryan Callahan.
15:07 of 2nd period - Goal by Ryan Callahan - SAN JOSE : 0 - NEW YORK I : 3.
15:08 of 2nd period - Mike Fisher wins face-off versus Sean Monahan in neutral zone.
15:28 of 2nd period - Icing by David Savard.
15:29 of 2nd period - Logan Couture wins face-off versus Mike Fisher in SAN JOSE zone.
15:32 of 2nd period - Shot by Patrick Eaves.
15:32 of 2nd period - Stopped by Jake Allen with a rebound.
15:34 of 2nd period - Shot by Johnny Boychuk.
15:34 of 2nd period - Shot Misses the Net.
15:36 of 2nd period - Shot by Logan Couture.
15:36 of 2nd period - Shot Blocked by David Savard.
16:02 of 2nd period - Shot by Patrick Eaves.
16:02 of 2nd period - Stopped by Jake Allen without a rebound.
16:03 of 2nd period - Jordan Staal wins face-off versus Sean Monahan in SAN JOSE zone.
16:20 of 2nd period - Shot by Jordan Staal.
16:20 of 2nd period - Shot Misses the Net.
16:22 of 2nd period - Shot by Cody Franson.
16:22 of 2nd period - Deflect By Jordan Staal.
16:22 of 2nd period - Shot Misses the Net.
16:24 of 2nd period - Shot by Jussi Jokinen.
16:24 of 2nd period - Shot Misses the Net.
16:26 of 2nd period - Shot by Jesper Fast.
16:26 of 2nd period - Shot Blocked by Dan Hamhuis.
16:28 of 2nd period - Shot by Jesper Fast.
16:28 of 2nd period - Shot Misses the Net.
16:30 of 2nd period - Shot by Jordan Staal.
16:30 of 2nd period - Stopped by Scott Darling without a rebound.
16:31 of 2nd period - Sam Bennett wins face-off versus Devante Smith-Pelly in NEW YORK I zone.
16:52 of 2nd period - Shot by Lauri Korpikoski.
16:52 of 2nd period - Stopped by Scott Darling with a rebound.
17:15 of 2nd period - Icing by Nicklas Grossmann.
17:16 of 2nd period - Corey Perry wins face-off versus Sam Bennett in NEW YORK I zone.
17:21 of 2nd period - Shot by Corey Perry.
17:21 of 2nd period - Shot Misses the Net.
17:33 of 2nd period - Shot by Mike Fisher.
17:33 of 2nd period - Shot Blocked by Nicklas Grossmann.
17:35 of 2nd period - Shot by Mike Fisher.
17:35 of 2nd period - Stopped by Scott Darling without a rebound.
17:36 of 2nd period - Sean Monahan wins face-off versus Martin Hanzal in NEW YORK I zone.
17:36 of 2nd period - Sean Monahan is hit by Kevin Hayes.
17:51 of 2nd period - Minor Penalty to Kyle Quincey for Hooking.
17:52 of 2nd period - Mike Fisher wins face-off versus Sean Monahan in SAN JOSE zone.
18:09 of 2nd period - Shot by Sean Monahan.
18:09 of 2nd period - Shot Misses the Net.
18:11 of 2nd period - Shot by Sean Monahan.
18:11 of 2nd period - Stopped by Jake Allen with a rebound.
18:19 of 2nd period - Shot by Patrick Eaves.
18:19 of 2nd period - Stopped by Jake Allen without a rebound.
18:20 of 2nd period - Mike Fisher wins face-off versus Brandon Saad in SAN JOSE zone.
18:37 of 2nd period - Shot by Ryan Strome.
18:37 of 2nd period - Shot Misses the Net.
18:39 of 2nd period - Shot by Patrick Maroon.
18:39 of 2nd period - Shot Blocked by Martin Hanzal.
18:41 of 2nd period - Shot by Brandon Saad.
18:41 of 2nd period - Goal by Brandon Saad - SAN JOSE : 0 - NEW YORK I : 4.
18:42 of 2nd period - Sean Monahan wins face-off versus Martin Hanzal in neutral zone.
19:11 of 2nd period - Shot by Sean Monahan.
19:11 of 2nd period - Shot Misses the Net.
19:21 of 2nd period - Shot by Martin Hanzal.
19:21 of 2nd period - Stopped by Scott Darling with a rebound.
19:46 of 2nd period - Shot by Corey Perry.
19:46 of 2nd period - Deflect By Chris Kreider.
19:46 of 2nd period - Stopped by Scott Darling without a rebound.
19:47 of 2nd period - Jordan Staal wins face-off versus Logan Couture in NEW YORK I zone.
19:48 of 2nd period - Shot by Jussi Jokinen.
19:48 of 2nd period - Shot Misses the Net.
Goals for this period are 0 for SAN JOSE vs 4 for NEW YORK I.
Shots for this period are 9 for SAN JOSE vs 17 for NEW YORK I.

3rd period


0:01 of 3rd period - Mike Fisher wins face-off versus Ryan Strome in neutral zone.
0:09 of 3rd period - Icing by Radko Gudas.
0:10 of 3rd period - Sean Monahan wins face-off versus Mike Fisher in NEW YORK I zone.
0:26 of 3rd period - Shot by Chris Kreider.
0:26 of 3rd period - Shot Blocked by Johnny Boychuk.
0:40 of 3rd period - Shot by Sean Monahan.
0:40 of 3rd period - Shot Misses the Net.
0:42 of 3rd period - Shot by Josh Bailey.
0:42 of 3rd period - Stopped by Jake Allen with a rebound.
0:44 of 3rd period - Shot by Sean Monahan.
0:44 of 3rd period - Shot Misses the Net.
0:46 of 3rd period - Shot by Johnny Boychuk.
0:46 of 3rd period - Stopped by Jake Allen without a rebound.
0:47 of 3rd period - Logan Couture wins face-off versus Martin Hanzal in SAN JOSE zone.
1:11 of 3rd period - Kevin Hayes is hit by Patrick Eaves and loses puck.
1:19 of 3rd period - Cody Franson is hit by Logan Couture and loses puck.
1:48 of 3rd period - Logan Couture is hit by Jordan Staal and loses puck.
3:03 of 3rd period - Chris Kreider is hit by Johnny Boychuk and loses puck.
3:18 of 3rd period - Shot by Sean Monahan.
3:18 of 3rd period - Shot Misses the Net.
3:20 of 3rd period - Shot by Radko Gudas.
3:20 of 3rd period - Stopped by Jake Allen without a rebound.
3:21 of 3rd period - Martin Hanzal wins face-off versus Sam Bennett in SAN JOSE zone.
3:42 of 3rd period - Shot by Sam Bennett.
3:42 of 3rd period - Shot Hit the Post.
3:57 of 3rd period - Off-side.
3:58 of 3rd period - Jesper Fast wins face-off versus Sean Monahan in neutral zone.
4:10 of 3rd period - Icing by Radko Gudas.
4:11 of 3rd period - Mike Fisher wins face-off versus Sean Monahan in NEW YORK I zone.
4:47 of 3rd period - Ryan Strome is hit by Chris Kreider and loses puck.
5:01 of 3rd period - Off-side.
5:02 of 3rd period - Sam Bennett wins face-off versus Darren Helm in neutral zone.
5:04 of 3rd period - Patrick Maroon is hit by Cody Ceci and loses puck.
5:15 of 3rd period - Shot by Darren Helm.
5:15 of 3rd period - Shot Misses the Net.
5:17 of 3rd period - Shot by Martin Hanzal.
5:17 of 3rd period - Shot Misses the Net.
5:19 of 3rd period - Shot by Martin Hanzal.
5:19 of 3rd period - Shot Misses the Net.
5:21 of 3rd period - Shot by Darren Helm.
5:21 of 3rd period - Shot Hit the Post.
5:35 of 3rd period - Shot by Martin Hanzal.
5:35 of 3rd period - Shot Misses the Net.
5:37 of 3rd period - Shot by Kevin Hayes.
5:37 of 3rd period - Stopped by Scott Darling without a rebound.
5:38 of 3rd period - Jordan Staal wins face-off versus Logan Couture in NEW YORK I zone.
5:38 of 3rd period - Cody Franson is hit by Esa Lindell and loses puck.
5:57 of 3rd period - Shot by Brandon Saad.
5:57 of 3rd period - Shot Hit the Post.
5:59 of 3rd period - Shot by Dan Hamhuis.
5:59 of 3rd period - Shot Misses the Net.
6:01 of 3rd period - Shot by Logan Couture.
6:01 of 3rd period - Shot Misses the Net.
6:03 of 3rd period - Shot by Logan Couture.
6:03 of 3rd period - Shot Misses the Net.
6:05 of 3rd period - Shot by Patrick Eaves.
6:05 of 3rd period - Shot Blocked by Cody Franson.
6:07 of 3rd period - Shot by Esa Lindell.
6:07 of 3rd period - Stopped by Jake Allen without a rebound.
6:08 of 3rd period - Mike Fisher wins face-off versus Sean Monahan in SAN JOSE zone.
6:19 of 3rd period - Shot by Corey Perry.
6:19 of 3rd period - Shot Misses the Net.
6:26 of 3rd period - Off-side.
6:27 of 3rd period - Martin Hanzal wins face-off versus Sam Bennett in neutral zone.
6:40 of 3rd period - Shot by Kevin Hayes.
6:40 of 3rd period - Shot Misses the Net.
7:05 of 3rd period - Shot by Sam Bennett.
7:05 of 3rd period - Stopped by Jake Allen without a rebound.
7:06 of 3rd period - Sean Monahan wins face-off versus Mike Fisher in SAN JOSE zone.
7:17 of 3rd period - Ryan Strome is hit by Mike Fisher and loses puck.
8:26 of 3rd period - Shot by Patrick Eaves.
8:26 of 3rd period - Stopped by Jake Allen without a rebound.
8:27 of 3rd period - Sam Bennett wins face-off versus Martin Hanzal in SAN JOSE zone.
8:29 of 3rd period - Patrick Maroon is hit by Alexei Emelin and loses puck.
8:30 of 3rd period - Minor Penalty to Alexei Emelin for Slashing.
8:31 of 3rd period - Mike Fisher wins face-off versus Patrick Eaves in SAN JOSE zone.
8:31 of 3rd period - Mike Fisher is hit by Logan Couture.
8:47 of 3rd period - Shot by Logan Couture.
8:47 of 3rd period - Stopped by Jake Allen without a rebound.
8:48 of 3rd period - Ryan Strome wins face-off versus Mike Fisher in SAN JOSE zone.
8:57 of 3rd period - Shot by Ryan Strome.
8:57 of 3rd period - Stopped by Jake Allen without a rebound.
8:58 of 3rd period - Sean Monahan wins face-off versus Mike Fisher in SAN JOSE zone.
10:02 of 3rd period - Shot by Brandon Saad.
10:02 of 3rd period - Stopped by Jake Allen without a rebound.
10:03 of 3rd period - Mike Fisher wins face-off versus Ryan Strome in SAN JOSE zone.
10:28 of 3rd period - Cody Ceci is hit by Patrick Maroon and loses puck.
10:58 of 3rd period - Icing by Jason Garrison.
10:59 of 3rd period - Jordan Staal wins face-off versus Sean Monahan in NEW YORK I zone.
11:09 of 3rd period - Icing by Jason Garrison.
11:10 of 3rd period - Mike Fisher wins face-off versus Sean Monahan in NEW YORK I zone.
11:23 of 3rd period - Shot by Sean Monahan.
11:23 of 3rd period - Shot Blocked by Alexei Emelin.
11:59 of 3rd period - Shot by Logan Couture.
11:59 of 3rd period - Shot Misses the Net.
12:09 of 3rd period - Shot by Brandon Saad.
12:09 of 3rd period - Shot Blocked by Cody Ceci.
12:11 of 3rd period - Shot by Brandon Saad.
12:11 of 3rd period - Shot Blocked by Cody Ceci.
12:13 of 3rd period - Shot by Brandon Saad.
12:13 of 3rd period - Stopped by Jake Allen with a rebound.
12:40 of 3rd period - Shot by Sam Bennett.
12:40 of 3rd period - Shot Blocked by Cody Ceci.
12:42 of 3rd period - Shot by Esa Lindell.
12:42 of 3rd period - Stopped by Jake Allen with a rebound.
12:44 of 3rd period - Shot by Dan Hamhuis.
12:44 of 3rd period - Shot Blocked by Cody Ceci.
12:46 of 3rd period - Shot by Esa Lindell.
12:46 of 3rd period - Goal by Esa Lindell - SAN JOSE : 0 - NEW YORK I : 5.
12:47 of 3rd period - Darren Helm wins face-off versus Sean Monahan in neutral zone.
13:04 of 3rd period - Shot by Sean Monahan.
13:04 of 3rd period - Shot Misses the Net.
14:12 of 3rd period - Shot by Jordan Staal.
14:12 of 3rd period - Shot Misses the Net.
14:36 of 3rd period - Shot by Brandon Saad.
14:36 of 3rd period - Shot Blocked by Brandon Dubinsky.
14:41 of 3rd period - Off-side.
14:42 of 3rd period - Sam Bennett wins face-off versus Brandon Dubinsky in neutral zone.
15:08 of 3rd period - Ryan Callahan is hit by Alexei Emelin.
15:25 of 3rd period - Patrick Maroon beats up Martin Hanzal.
15:25 of 3rd period - Penalty to Patrick Maroon for Fighting.
15:25 of 3rd period - Penalty to Martin Hanzal for Fighting.
15:26 of 3rd period - Logan Couture wins face-off versus Corey Perry in NEW YORK I zone.
16:01 of 3rd period - Icing by Keith Yandle.
16:02 of 3rd period - Mike Fisher wins face-off versus Sam Bennett in SAN JOSE zone.
16:12 of 3rd period - Icing by Esa Lindell.
16:13 of 3rd period - Brandon Dubinsky wins face-off versus Sam Bennett in NEW YORK I zone.
16:34 of 3rd period - Shot by Sam Bennett.
16:34 of 3rd period - Shot Misses the Net.
17:23 of 3rd period - Minor Penalty to David Savard for Hooking.
17:24 of 3rd period - Mike Fisher wins face-off versus Ryan Strome in SAN JOSE zone.
17:54 of 3rd period - Shot by Ryan Strome.
17:54 of 3rd period - Shot Misses the Net.
18:14 of 3rd period - Shot by Logan Couture.
18:14 of 3rd period - Stopped by Jake Allen without a rebound.
18:15 of 3rd period - Jesper Fast wins face-off versus Sean Monahan in SAN JOSE zone.
18:37 of 3rd period - Shot by Sean Monahan.
18:37 of 3rd period - Shot Misses the Net.
18:39 of 3rd period - Shot by Logan Couture.
18:39 of 3rd period - Shot Misses the Net.
18:41 of 3rd period - Shot by Dan Hamhuis.
18:41 of 3rd period - Shot Misses the Net.
18:43 of 3rd period - Shot by Logan Couture.
18:43 of 3rd period - Shot Misses the Net.
18:51 of 3rd period - Shot by Esa Lindell.
18:51 of 3rd period - Stopped by Jake Allen without a rebound.
18:52 of 3rd period - Mike Fisher wins face-off versus Ryan Strome in SAN JOSE zone.
19:00 of 3rd period - Brandon Saad is hit by Kyle Quincey and loses puck.
19:28 of 3rd period - Sam Bennett is hit by Cody Franson and loses puck.
19:35 of 3rd period - Shot by Sam Bennett.
19:35 of 3rd period - Stopped by Jake Allen without a rebound.
19:36 of 3rd period - Brandon Dubinsky wins face-off versus Sean Monahan in SAN JOSE zone.
Goals for this period are 0 for SAN JOSE vs 1 for NEW YORK I.
Shots for this period are 1 for SAN JOSE vs 15 for NEW YORK I.